 Dungeon Crawl Stone Soup version 0.25-a0-73-g9796ba8d15 (webtiles) character file.

Game seed: 14220473032005525994, levelgen mode: deterministic

331 Gargoyl the Skirmisher (level 6, -2/53 HPs)
             Began as a Draconian Abyssal Knight on Nov 5, 2019.
             Was a Follower of Lugonu.
             Slain by Eustachio
             ... wielding a +4 rapier of draining
              (4 damage)
             ... on level 3 of the Dungeon.
             The game lasted 00:05:41 (3244 turns).

Gargoyl the Skirmisher (Draconian Abyssal Knight)   Turns: 3244, Time: 00:05:43

Health: -2/53      AC:  6    Str: 16    XL:     6   Next: 26%
Magic:  8/8        EV:  8    Int: 12    God:    Lugonu [*.....]
Gold:   146        SH:  7    Dex: 11    Spells: 5/5 levels left

rFire    . . .     SeeInvis .   c - +1 war axe
rCold    . . .     Gourm    .   m - +0 shield
rNeg     . . .     Faith    .   (armour unavailable)
rPois    .         Spirit   .   (helmet restricted)
rElec    .         Reflect  .   (no cloak)
rCorr    .         Harm     .   (no gloves)
MR       .....                  (no boots)
Stlth    +.........             e - amulet of rage
HPRegen  0.17/turn              (no ring)
MPRegen  0.11/turn              (no ring)

@: heavily drained
A: unfitting armour, talons 1, deterioration 1, sense surroundings 1,
cold-blooded, subdued magic 1, AC +6
a: Depart the Abyss, Renounce Religion, Evoke Berserk Rage


You were on level 3 of the Dungeon.
You worshipped Lugonu.
Lugonu was aware of your devotion.
You were hungry.

You visited 1 branch of the dungeon, and saw 4 of its levels.
You visited the Abyss 1 time.

You collected 146 gold pieces.

Inventory:

Hand Weapons
 a - a +1 hand axe
 c - a +1 war axe (weapon)
Armour
 m - a +0 shield (worn)
Jewellery
 e - an amulet of rage (around neck)
Wands
 d - a wand of polymorph (11)
 j - a wand of digging (6)
 o - a wand of iceblast (6)
Scrolls
 h - a scroll of blinking
 l - a scroll of remove curse
 n - a scroll of teleportation
 p - 2 scrolls of fear
Potions
 f - a potion of invisibility {unknown}
 g - a potion of curing
Comestibles
 b - 6 rations


   Skills:
 + Level 4.4(1.8) Fighting
 + Level 4.0(1.4) Axes
 * Level 3.6(1.0) Dodging
 + Level 0.8(0.0) Stealth
 + Level 1.2(0.0) Shields
 * Level 3.2(0.6) Invocations


You had 5 spell levels left.
You didn't know any spells.
Your spell library was empty.

Dungeon Overview and Level Annotations

Branches:
Dungeon (4/15)
 Temple: D:4-7

Altars:
Ashenzari
Gozag
Kikubaaqudgha
Nemelex Xobeh
Okawaru
Trog

Annotations:
D:3 Eustachio


Innate Abilities, Weirdness & Mutations

Your plain brown scales are hard. (AC +6)
You cannot fit into any form of body armour.
You are cold-blooded and may be slowed by cold attacks.
You have sharp toenails.
Your body sometimes deteriorates upon taking damage.
You passively map a small area around you.
Your spells are a little easier to cast, but a little less powerful.


Message History

You kill the quokka!
The quokka's corpse disappears in a puff of smoke!
You completely miss Eustachio.
You are feeling hungry.
Eustachio mumbles some strange words.
Eustachio blinks!
You block Eustachio's attack.
There is a stone staircase leading down here.
Okay, then.
Okay, then.
You fail to use your ability.
The quasit bites you.
* * * LOW HITPOINT WARNING * * *
The quasit claws you but does no damage. x2
You slash Eustachio! Your kick misses Eustachio.
Eustachio is moderately wounded.
Your shield prevents you from hitting the quasit.
Eustachio hits you with a +4 rapier of draining!
* * * LOW HITPOINT WARNING * * *
You feel drained.
You die...

#.)# ###..[#..#######. ####..#
#................ #.....#
#........#######. ####.###.#
#........# #. #....#...#
######...#..#### #. #.##.#.#.#
#..............# #. #.####.###
#.######.##.##.# ##
#.##.....#####.######.##.##.##
#.#.8...8.#....@@55..........#
#.#.......#.#########.##.##..#
#....._.....# #####.##.##..#
###.......### #............#
#.8...8.# #.######.###.#
##.....########........# #.#
###.###......?..####### #.#
#.# ########.## #.# #.# #.#
#.#


You could see Eustachio, a quasit and a shadow imp.

Vanquished Creatures
  Grinder (D:2)
  Ijyb (D:3)
  2 adders (D:2)
  4 gnolls (D:3)
  2 oozes
  A worm (D:2)
  2 dart slugs
  3 orcs (D:3)
  7 bats
  4 giant cockroaches
  5 goblins
  3 hobgoblins
  7 frilled lizards
  5 kobolds
  9 rats
56 creatures vanquished.

Notes
Turn   | Place    | Note
-------+----------+-------------------------------------------
     0 | Abyss:1  | Gargoyl the Draconian Abyssal Knight began the quest for
                  | the Orb.
     0 | Abyss:1  | Reached XP level 1. HP: 19/19 MP: 2/2
    11 | Abyss:2  | Found a corrupted altar of Lugonu.
    22 | Abyss:2  | Found a shadowy altar of Dithmenos.
    52 | Abyss:2  | Noticed a daeva
    58 | D:1      | Escaped the Abyss
   530 | D:1      | Reached XP level 2. HP: 27/27 MP: 3/3
  1101 | D:2      | Found an iron altar of Okawaru.
  1205 | D:2      | Reached * piety under Lugonu
  1317 | D:2      | Reached XP level 3. HP: 33/33 MP: 4/4
  2006 | D:3      | Noticed Ijyb
  2023 | D:3      | Killed Ijyb
  2023 | D:3      | Reached XP level 4. HP: 36/40 MP: 5/5
  2113 | D:3      | Noticed Grinder
  2114 | D:3      | Found an ancient bone altar of Kikubaaqudgha.
  2120 | D:3      | Paralysed by Grinder for 7 turns
  2127 | D:3      | HP: 1/40 [Grinder/nerve-wracking pain (13)]
  2165 | D:2      | Paralysed by Grinder for 2 turns
  2172 | D:2      | Paralysed by Grinder for 7 turns
  2204 | D:2      | Killed Grinder
  2204 | D:2      | Reached skill level 1 in Shields
  2204 | D:2      | Reached XP level 5. HP: 5/47 MP: 5/7
  2204 | D:2      | Reached XP level 6. HP: 6/53 MP: 5/8
  2878 | D:3      | Found an opulent altar of Gozag.
  2914 | D:3      | Reached ** piety under Lugonu
  3067 | D:3      | Found a bloodstained altar of Trog.
  3073 | D:3      | Found a sparkling altar of Nemelex Xobeh.
  3076 | D:3      | Found a shattered altar of Ashenzari.
  3220 | D:4      | Noticed Eustachio
  3239 | D:3      | Gained mutation: You passively map a small area around you.
                  | [potion of mutation]
  3239 | D:3      | Gained mutation: Your body sometimes deteriorates upon
                  | taking damage. [potion of mutation]
  3239 | D:3      | Gained mutation: Your spells are a little easier to cast,
                  | but a little less powerful. [potion of mutation]
  3239 | D:3      | Gained mutation: You have sharp toenails. [potion of
                  | mutation]
  3244 | D:3      | HP: 2/53 [Eustachio/+4 rapier of draining (13)]
  3244 | D:3      | Slain by Eustachio

Levels and vault maps discovered:
D:1:      psy_arrival_radial01, layout_basic
D:2:      layout_basic, okawaru_trees_2, first_ration
D:3:      layout_loops_ring, grunt_gozag_statues,
          nicolae_overflow_crystal_walls, grunt_temple_overflow_diamond,
          uniq_grinder, uniq_ijyb
D:4:      layout_loops_ring, nicolae_tso_besieged_by_evil,
          vehumet_altar_wand_db, uniq_eustachio

Skill      XL: |  1  2  3  4  5  6 |
---------------+-------------------+-----
Fighting       | 4 |  4.4
Axes           | 3 4 |  4.0
Dodging        | 3 |  3.6
Shields        | 1 |  1.2
Invocations    | 3 |  3.2
Stealth        | |  0.8

Action                   |  1- 3 |  4- 6 || total
-------------------------+-------+-------++-------
Melee: Hand axe          |    92 |    76 ||   168
       Tailslap          |    11 |     8 ||    19
       War axe           |       |    27 ||    27
Invok: Depart the Abyss  |     1 |       ||     1
  Use: Scroll            |     4 |     3 ||     7
       Potion            |       |     9 ||     9
 Stab: Sleeping          |     1 |     3 ||     4
  Eat: Chunk             |     3 |     4 ||     7
Armor: Skin              |    34 |    40 ||    74
Dodge: Dodged            |    63 |    40 ||   103
Block: Shield            |    14 |    34 ||    48

Table legend:
 A = Non-vault XP
 B = Vault XP
 C = Vault XP percentage of total XP
 D = Non-vault monster count
 E = Vault monster count
 F = Vault count percentage of total count
                 A         B        C        D         E       F
            +---------+---------+-------+---------+---------+-------
      Total |     175 |     298 |  63.0 |      54 |       2 |   3.6
            +---------+---------+-------+---------+---------+-------
        D:1 |      25 |       0 |   0.0 |      13 |       0 |   0.0
        D:2 |      55 |     262 |  82.6 |      18 |       1 |   5.3
        D:3 |      93 |      36 |  27.9 |      22 |       1 |   4.3
        D:4 |       2 |       0 |   0.0 |       1 |       0 |   0.0
            +---------+---------+-------+---------+---------+-------
